 Dungeon Crawl Stone Soup version 0.28.0-43-g3370ac3207 (webtiles) character file.

Game seed: 821161088837776567

1227 issech the Cudgeller (level 8, -2/79 HPs)
             Began as a Troll Monk on Mar 13, 2022.
             Slain by a water moccasin (8 damage)
             ... on level 5 of the Dungeon.
             The game lasted 00:20:40 (5234 turns).

issech the Cudgeller (Troll Monk)                   Turns: 5234, Time: 00:20:41

Health: -2/79      AC:  4    Str: 20    XL:     8   Next: 23%
Magic:  7/7        EV: 11    Int:  6    God:
Gold:   311        SH:  5    Dex: 14    Spells: 7/7 levels left

rFire   . . .      SeeInvis .   j - +2 mace (venom)
rCold   . . .      Faith    .   (no shield)
rNeg    . . .      Spirit   .   b - +0 robe
rPois   .          Reflect  +   (helmet restricted)
rElec   .          Harm     .   (no cloak)
rCorr   .          Rampage  .   (gloves unavailable)
Will    .....                   (boots unavailable)
Stlth   ++........              J - amulet of reflection
HPRegen 1.03/turn               v - ring of fire
MPRegen 0.10/turn               w - ring of ice

@: lethally poisoned (-2 -> -3)
A: large, unfitting armour, claws 3, regeneration 1, shaggy fur 1, tough skin 1
a: no special abilities


You were on level 5 of the Dungeon.
You visited 1 branch of the dungeon, and saw 6 of its levels.

You collected 311 gold pieces.

Inventory:

Hand Weapons
 j - a +2 mace of venom (weapon)
 n - a +0 executioner's axe
 q - the +1 whip "Nafusk" {vorpal, rC- rN++ rCorr}
   (You found it on level 2 of the Dungeon)

   It inflicts extra damage upon your enemies.
   rC:        It makes you vulnerable to cold.
   rN:        It greatly protects you from negative energy.
   rCorr:     It protects you from acid and corrosion.
 t - a +2 short sword of protection
 y - a +0 short sword of electrocution
 z - a +0 giant club
 F - a +4 whip
 L - a +0 giant spiked club
Missiles
 f - 37 bolts
 h - 192 stones (quivered)
 r - 8 poisoned darts
 x - a boomerang
 D - 58 sling bullets
Armour
 b - a +0 robe (worn)
Magical Staves
 a - a staff of fire
 u - a staff of air
 O - a staff of poison
Jewellery
 v - a ring of fire (left claw)
 w - a ring of ice (right claw)
 J - an amulet of reflection (around neck)
 M - a ring of magical power
Wands
 o - a wand of flame (18)
 s - a wand of paralysis (4)
 E - a wand of iceblast (2)
Scrolls
 c - a scroll of enchant weapon {unknown}
 d - 2 scrolls of fog {unknown}
 p - a scroll of enchant armour {unknown}
 A - 5 scrolls of identify {unknown}
 B - 2 scrolls of teleportation {unknown}
 G - a scroll of noise {unknown}
 H - a scroll of immolation {unknown}
 I - a scroll of fear {unknown}
Potions
 e - a potion of brilliance {unknown}
 g - a potion of lignification {unknown}
 i - a potion of ambrosia {unknown}
 k - 4 potions of mutation {unknown}
 l - 2 potions of attraction {unknown}
 m - 2 potions of curing {unknown}
 C - 4 potions of heal wounds {unknown}
 K - a potion of flight {unknown}
 N - a potion of degeneration {unknown}


   Skills:
 + Level 4.6 Fighting
 + Level 6.7 Maces & Flails
 + Level 4.5 Dodging
 + Level 1.9 Stealth


You had 7 spell levels left.
You didn't know any spells.
Your spell library contained the following spells:

 Spells                   Type           Power      Damage    Failure   Level
 Conjure Flame            Conj/Fire      0%         6-21      83%         3
 Ignite Poison            Fire/Tmut/Pois 0%         N/A       83%         3
 Sticky Flame             Conj/Fire      0%         2d3       99%         4


Dungeon Overview and Level Annotations

Branches:
Dungeon (6/15)
 Temple: D:4-7

Altars:
Ru

Shops:
D:2 (

Annotations:
D:3 adizb's ghost, novice DsGl
D:5 2 transporters


Innate Abilities, Weirdness & Mutations

You are too large for most types of armour.
You have claws for hands.
Your natural rate of healing is unusually fast.
You are covered in fur. (AC +1)
You have tough skin. (AC +1)


Message History

You climb upwards.
Level annotation: 2 transporters
There is a stone staircase leading down here.
You block the water moccasin's attack. The water moccasin bites you.
You are poisoned.
The water moccasin poisons you!
You feel very sick.
You feel sick.
You feel sick. The water moccasin barely misses you.
The water moccasin bites you.
You feel sick.
You feel sick. The water moccasin bites you!
You feel sick.
You feel sick. The water moccasin bites you.
You are more poisoned.
The water moccasin poisons you!
You feel very sick.
You feel sick.
You feel sick. The water moccasin bites you.
* * * LOW HITPOINT WARNING * * *
You feel sick.
You feel sick.
You feel sick. The water moccasin bites you.
* * * LOW HITPOINT WARNING * * *
You feel sick.
You feel sick. The water moccasin barely misses you.
You miss the water moccasin.
The water moccasin is heavily wounded.
You feel sick.
You are no longer poisoned.
The water moccasin bites you!
* * * LOW HITPOINT WARNING * * *
You are poisoned.
The water moccasin poisons you!
You sock the water moccasin!
The water moccasin is severely wounded.
You feel very sick. The water moccasin bites you!
You die...

######## #......#
#.####.# ### ##.####.#
###.## #....)#.#
##..#.##
#..##.#.#####..###.##
#..##.........#####.#
#.....S@#####......#####
#.############..........
#..........# #....######
#..#######.# #.####
#..##### #.###'##
#......# #.##...##
##.###.# #.#.....## #
#.#.#.# #........## ##
#.....###......>..####.


You could see a water moccasin.

Vanquished Creatures
  3 ogres
  A sky beast (D:6)
  3 scorpions
  A wyvern skeleton (D:5)
  A water moccasin skeleton (D:6)
  A centaur skeleton (D:5)
  3 hounds
  A jelly (D:4)
  2 bullfrog skeletons (D:5)
  2 orc priests (D:5)
  2 iguanas
  2 orc wizards
  Natasha (thrice) (D:4 D:3)
  A howler monkey skeleton (D:5)
  6 adders
  2 ufetubi (D:4)
  A worm (D:3)
  2 dart slugs
  8 orcs
  4 endoplasms
  3 giant cockroaches
  9 goblins
  5 hobgoblins
  4 jackals (D:4)
  5 kobolds
  4 quokkas
  8 ball pythons
  8 bats
  2 frilled lizards
  6 rats
103 creatures vanquished.

Vanquished Creatures (others)
  6 plants (D:5)
6 creatures vanquished.

Grand Total: 109 creatures vanquished

Notes
Turn   | Place    | Note
-------+----------+-------------------------------------------
     0 | D:1      | issech the Troll Monk began the quest for the Orb.
     0 | D:1      | Reached XP level 1. HP: 22/22 MP: 0/0
   301 | D:1      | Reached XP level 2. HP: 29/29 MP: 1/1
   494 | D:1      | Reached skill level 3 in Maces & Flails
   511 | D:1      | Found a faded altar of an unknown god.
   957 | D:2      | Found Nihin's Antique Weapon Shoppe.
  1005 | D:2      | Reached XP level 3. HP: 36/36 MP: 2/2
  1439 | D:2      | Identified the +1 whip "Nafusk" {vorpal, rC- rN++ rCorr}
  1679 | D:3      | Reached XP level 4. HP: 45/45 MP: 3/3
  2301 | D:4      | Noticed Natasha
  2303 | D:4      | Noticed an ogre
  2320 | D:4      | Killed Natasha
  2330 | D:4      | Noticed Natasha
  2354 | D:3      | Killed Natasha
  2355 | D:3      | Reached skill level 4 in Maces & Flails
  2355 | D:3      | Reached XP level 5. HP: 27/53 MP: 4/4
  2425 | D:4      | Killed an ogre
  2476 | D:4      | Reached XP level 6. HP: 19/61 MP: 5/5
  2710 | D:4      | Reached skill level 5 in Maces & Flails
  2915 | D:4      | Found a runed translucent gate.
  2916 | D:4      | Found a runed translucent gate.
  2917 | D:4      | Found a runed translucent gate.
  2925 | D:4      | Noticed adizb's ghost (novice DsGl)
  3203 | D:4      | Found a sacrificial altar of Ru.
  3651 | D:3      | Noticed Natasha
  3665 | D:3      | Killed Natasha
  3956 | D:5      | Entered Level 5 of the Dungeon
  4093 | D:5      | Reached XP level 7. HP: 62/68 MP: 6/6
  4590 | D:5      | Reached skill level 6 in Maces & Flails
  4664 | D:5      | Found a transporter.
  4674 | D:5      | Found a transporter.
  4855 | D:5      | Reached XP level 8. HP: 61/79 MP: 7/7
  5234 | D:5      | Slain by a water moccasin

Illustrated notes

Levels and vault maps discovered:
D:1:      nzn_arrival_crosshair, layout_loops_ring,
          dreamdust_ecumenical_altar_angels_and_demons, minmay_ruptured
D:2:      layout_basic, serial_shops, nicolae_shop_behind_doors,
          kennysheep_small_spiral
D:3:      layout_loops_ring, minmay_checkerbox
D:4:      layout_loops_corners, nicolae_ru_path_of_blood, gammafunk_ghost_split,
          uniq_natasha
D:5:      minmay_angry_zag, layout_loops_corners, gammafunk_ghost_gnarly_gnolls,
          minmay_misc_feat_hallway
D:6:      corexii_shantytown, layout_rooms, minmay_increasing_density,
          uniq_edmund, uniq_duvessa

Skill      XL: |  1  2  3  4  5  6  7 |
---------------+----------------------+-----
Maces & Flails | 3 4 5 6 |  6.7
Fighting       | 3 4 |  4.6
Dodging        | 3 4 |  4.5
Stealth        | |  1.9

Action                   |  1- 3 |  4- 6 |  7- 9 || total
-------------------------+-------+-------+-------++-------
Melee: Mace              |    98 |   166 |    92 ||   356
       Punch             |       |     2 |     2 ||     4
Throw: Stone             |       |     1 |       ||     1
 Stab: Sleeping          |       |       |     1 ||     1
Armor: Robe              |    64 |    35 |    23 ||   122
Dodge: Dodged            |    98 |    90 |    57 ||   245
Block: Other             |       |       |    16 ||    16
